| TOP OF THE 1ST |
|
Hagerstown Suns batting - Pitching for Wisconsin Timber Rattlers : RHP Josh Brakefield
|
|
Pitching: RHP Josh Brakefield
|
|
|
Batting: RHB Taffounnout Kame
|
0-0: Foul Ball, location: 2F 0-1: Ground out 5-3 (Groundball, 56S, EV 90.6 MPH)
|
|
Batting: RHB Rudolph Lentz
|
0-0: DOUBLE (Line Drive, 9LM, EV 101.2 MPH) - OUT at third base trying to stretch hit.
|
|
Batting: RHB Xavier Reeves
|
0-0: Ball 1-0: Ball 2-0: Ball 3-0: Called Strike 3-1: Ground out 4-3 (Groundball, 4, EV 96.2 MPH)
|
| Top of the 1st over - 0 runs, 1 hit, 0 errors, 0 left on base; Hagerstown 0 - Wisconsin 0 |
| BOTTOM OF THE 1ST |
|
Wisconsin Timber Rattlers batting - Pitching for Hagerstown Suns : RHP Jayden Taylor
|
|
Pitching: RHP Jayden Taylor
|
|
|
Batting: RHB Jose Cerritos
|
0-0: Foul Ball, location: 2F 0-1: Called Strike 0-2: Ball 1-2: Foul Ball, location: 2F 1-2: Ball 2-2: Foul Ball, location: 2F 2-2: Strikes out swinging
|
|
Batting: RHB Xiao-shuang Au
|
0-0: Ball 1-0: Called Strike 1-1: Ball 2-1: Ball 3-1: Fly out, F8 (Flyball, 78M, EV 81.9 MPH)
|
|
Batting: LHB Karel Hort
|
0-0: Ground out 6-3 (Groundball, 6, EV 76.9 MPH)
|
| Bottom of the 1st over - 0 runs, 0 hits, 0 errors, 0 left on base; Hagerstown 0 - Wisconsin 0 |
| TOP OF THE 2ND |
|
Hagerstown Suns batting - Pitching for Wisconsin Timber Rattlers : RHP Josh Brakefield
|
|
Batting: RHB Leo Gutierrez
|
0-0: Ball 1-0: Swinging Strike 1-1: Ball 2-1: Foul Ball, location: 2F 2-2: Ball 3-2: Foul Ball, location: 2F 3-2: DOUBLE (Line Drive, 89M, EV 98.8 MPH)
|
|
Batting: RHB Hun-hyeon Kym
|
0-0: Ball 1-0: SINGLE (Groundball, 56D, EV 97.5 MPH) Leo Gutierrez to third Runner from 3rd tries for Home, SAFE, throw by LF to home
|
|
Batting: SHB Fernando Fundora
|
0-0: Swinging Strike 0-1: Ball 1-1: Ball 2-1: Foul Ball, location: 2F 2-2: Fly out, F9 (Flyball, 89S, EV 82.5 MPH)
|
|
Batting: RHB Jelexiz Cuenca
|
0-0: Ball 1-0: Called Strike 1-1: Ball 2-1: Foul Ball, location: 2F 2-2: SINGLE (Groundball, 34D, EV 100.0 MPH) Hun-hyeon Kym to second Runner from 2nd tries for 3rd, OUT! 9-5 Jelexiz Cuenca to second
|
|
Batting: RHB Yok-sing Szema
|
0-0: Ball 1-0: Swinging Strike 1-1: DOUBLE (Flyball, 8LXD, EV 106.9 MPH) Jelexiz Cuenca scores
|
|
Batting: RHB Jason Ewert
|
0-0: Ground out 5-3 (Groundball, 56, EV 85.6 MPH)
|
| Top of the 2nd over - 2 runs, 4 hits, 0 errors, 1 left on base; Hagerstown 2 - Wisconsin 0 |
| BOTTOM OF THE 2ND |
|
Wisconsin Timber Rattlers batting - Pitching for Hagerstown Suns : RHP Jayden Taylor
|
|
Batting: LHB Fumito Sakurai
|
0-0: Called Strike 0-1: Foul Ball, location: 2F 0-2: Ball 1-2: Strikes out swinging
|
|
Batting: RHB Ryan Miller
|
0-0: Ball 1-0: Swinging Strike 1-1: Fly out, F9 (Flyball, 89S, EV 83.8 MPH)
|
|
Batting: LHB John Fortin
|
0-0: Swinging Strike 0-1: Ball 1-1: Ground out 3-1 (Groundball, 34, EV 105.0 MPH)
|
| Bottom of the 2nd over - 0 runs, 0 hits, 0 errors, 0 left on base; Hagerstown 2 - Wisconsin 0 |
| TOP OF THE 3RD |
|
Hagerstown Suns batting - Pitching for Wisconsin Timber Rattlers : RHP Josh Brakefield
|
|
Batting: RHB Taffounnout Kame
|
0-0: Swinging Strike 0-1: Ball 1-1: Called Strike 1-2: Ball 2-2: SINGLE (Groundball, 6MD, EV 100.0 MPH)
|
|
Batting: RHB Rudolph Lentz
|
0-0: Ball 1-0: SINGLE (Groundball, 6MD, EV 106.2 MPH) Taffounnout Kame to second Runner from 2nd tries for 3rd, SAFE, no throw by CF
|
|
Batting: RHB Xavier Reeves
|
0-0: Called Strike 0-1: Swinging Strike 0-2: Foul Ball, location: 2F 0-2: SINGLE (Line Drive, 34D, EV 107.5 MPH) Taffounnout Kame scores Rudolph Lentz to second
|
|
Batting: RHB Leo Gutierrez
|
0-0: Foul Ball, location: 2F 0-1: Ball 1-1: Ball 2-1: Ball 3-1: Fly out, F8 (Line Drive, 8LM, EV 106.2 MPH)
|
|
Batting: RHB Hun-hyeon Kym
|
0-0: Ball 1-0: Ball 2-0: Called Strike 2-1: Ball 3-1: Fielders Choice at 2nd, 6-4 (Groundball, 56, EV 104.4 MPH) Rudolph Lentz to third
|
|
Batting: SHB Fernando Fundora
|
0-0: Called Strike Hun-hyeon Kym steals 2nd, throwing error, E2 Rudolph Lentz scores Hun-hyeon Kym to third 0-1: Ball Wild Pitch! Hun-hyeon Kym scores 1-1: Ball 2-1: Ball 3-1: Base on Balls
|
|
Pitching: RHP Ken Shear
|
|
|
Batting: RHB Jelexiz Cuenca
|
0-0: Called Strike 0-1: Swinging Strike 0-2: Fly out, F9 (Line Drive, 89M, EV 99.4 MPH)
|
| Top of the 3rd over - 3 runs, 3 hits, 1 error, 1 left on base; Hagerstown 5 - Wisconsin 0 |
| BOTTOM OF THE 3RD |
|
Wisconsin Timber Rattlers batting - Pitching for Hagerstown Suns : RHP Jayden Taylor
|
|
Batting: RHB Tony Beaumond
|
0-0: Called Strike 0-1: Fly out, F8 (Line Drive, 8RD, EV 95.6 MPH)
|
|
Batting: RHB Dan Allred
|
0-0: Ground out 6-3 (Groundball, 6M, EV 100.0 MPH)
|
|
Batting: RHB Chris Fruit
|
0-0: Ball 1-0: Ball 2-0: Called Strike 2-1: Foul Ball, location: 2F 2-2: Strikes out swinging
|
| Bottom of the 3rd over - 0 runs, 0 hits, 0 errors, 0 left on base; Hagerstown 5 - Wisconsin 0 |
| TOP OF THE 4TH |
|
Hagerstown Suns batting - Pitching for Wisconsin Timber Rattlers : RHP Ken Shear
|
|
Batting: RHB Yok-sing Szema
|
0-0: Foul Ball, location: 2F 0-1: SINGLE (Groundball, 4D, EV 95.6 MPH)
|
|
Batting: RHB Jason Ewert
|
0-0: Ball 1-0: Called Strike 1-1: Ball 2-1: Ball 3-1: Reached on error, E4 (Groundball, 34, EV 103.1 MPH) Yok-sing Szema to second
|
|
Batting: RHB Taffounnout Kame
|
0-0: Ball 1-0: Foul Ball, location: 2F 1-1: Ball 2-1: Foul Ball, location: 2F 2-2: Ball 3-2: DOUBLE (Line Drive, 78D, EV 99.4 MPH) Yok-sing Szema scores Jason Ewert to third
|
|
Batting: RHB Rudolph Lentz
|
0-0: Ball 1-0: Ball 2-0: Ball Wild Pitch! Jason Ewert scores Taffounnout Kame to third 3-0: Called Strike 3-1: Ground out 5-3 (Groundball, 56, EV 81.2 MPH) Taffounnout Kame scores
|
|
Batting: RHB Xavier Reeves
|
0-0: Ground out 5-3 (Groundball, 56, EV 90.0 MPH)
|
|
Batting: RHB Leo Gutierrez
|
0-0: Ball 1-0: Ball 2-0: Swinging Strike 2-1: Ball 3-1: Foul Ball, location: 2F 3-2: Fly out, F9 (Flyball, 9D, EV 83.1 MPH)
|
| Top of the 4th over - 3 runs, 2 hits, 1 error, 0 left on base; Hagerstown 8 - Wisconsin 0 |
| BOTTOM OF THE 4TH |
|
Wisconsin Timber Rattlers batting - Pitching for Hagerstown Suns : RHP Jayden Taylor
|
|
Batting: RHB Jose Cerritos
|
0-0: Swinging Strike 0-1: Foul Ball, location: 2F 0-2: Ground out 4-3 (Groundball, 4, EV 99.4 MPH)
|
|
Batting: RHB Xiao-shuang Au
|
0-0: Swinging Strike 0-1: TRIPLE (Flyball, 9LD, EV 97.5 MPH)
|
|
Batting: LHB Karel Hort
|
0-0: Called Strike 0-1: Foul Ball, location: 2F 0-2: Strikes out swinging, 2-3 out at first.
|
|
Batting: LHB Fumito Sakurai
|
0-0: Ball 1-0: Swinging Strike 1-1: Ball 2-1: DOUBLE (Line Drive, 9LS, EV 103.1 MPH) Xiao-shuang Au scores
|
|
Batting: RHB Ryan Miller
|
0-0: Foul Ball, location: 2F 0-1: Swinging Strike 0-2: Ball 1-2: Ball 2-2: Strikes out swinging
|
| Bottom of the 4th over - 1 run, 2 hits, 0 errors, 1 left on base; Hagerstown 8 - Wisconsin 1 |
| TOP OF THE 5TH |
|
Hagerstown Suns batting - Pitching for Wisconsin Timber Rattlers : RHP Ken Shear
|
|
Batting: RHB Hun-hyeon Kym
|
0-0: Ball 1-0: Swinging Strike 1-1: Ball 2-1: Foul Ball, location: 2F 2-2: Ball 3-2: Ground out 6-3 (Groundball, 6M, EV 90.0 MPH)
|
|
Batting: SHB Fernando Fundora
|
0-0: Ball 1-0: SINGLE (Line Drive, 56, EV 93.8 MPH)
|
|
Batting: RHB Jelexiz Cuenca
|
0-0: Ball 1-0: Fly out, F6 (Line Drive, 6M, EV 63.8 MPH)
|
|
Batting: RHB Yok-sing Szema
|
0-0: Called Strike 0-1: Ball 1-1: Swinging Strike 1-2: Foul Ball, location: 2F 1-2: Ball 2-2: Strikes out looking
|
| Top of the 5th over - 0 runs, 1 hit, 0 errors, 1 left on base; Hagerstown 8 - Wisconsin 1 |
| BOTTOM OF THE 5TH |
|
Wisconsin Timber Rattlers batting - Pitching for Hagerstown Suns : RHP Jayden Taylor
|
|
Batting: LHB John Fortin
|
0-0: Ball 1-0: Ball 2-0: Ground out 5-3 (Groundball, 56, EV 81.9 MPH)
|
|
Batting: RHB Tony Beaumond
|
0-0: Ball 1-0: Ball 2-0: Swinging Strike 2-1: Foul Ball, location: 2F 2-2: Ball 3-2: Foul Ball, location: 2F 3-2: Fly out, F9 (Line Drive, 9S, EV 94.4 MPH)
|
|
Batting: RHB Dan Allred
|
0-0: Ball 1-0: Foul Ball, location: 2F 1-1: Called Strike 1-2: Ball 2-2: DOUBLE (Line Drive, 9LD, EV 100.6 MPH)
|
|
Batting: RHB Chris Fruit
|
0-0: Called Strike 0-1: Swinging Strike 0-2: Strikes out swinging
|
| Bottom of the 5th over - 0 runs, 1 hit, 0 errors, 1 left on base; Hagerstown 8 - Wisconsin 1 |
| TOP OF THE 6TH |
|
Hagerstown Suns batting - Pitching for Wisconsin Timber Rattlers : RHP Ken Shear
|
|
Batting: RHB Jason Ewert
|
0-0: SINGLE (Flyball, 8RS, EV 93.1 MPH)
|
|
Pitching: RHP Corey Pierce
|
|
|
Batting: RHB Taffounnout Kame
|
0-0: Called Strike 0-1: Foul Ball, location: 2F 0-2: Ball 1-2: SINGLE (Line Drive, 8RS, EV 90.6 MPH) Jason Ewert to second
|
|
Batting: RHB Rudolph Lentz
|
0-0: Fly out, F1 (Line Drive, P, EV 70.0 MPH)
|
|
Batting: RHB Xavier Reeves
|
0-0: Called Strike 0-1: SINGLE (Line Drive, 78S, EV 98.1 MPH) Jason Ewert to third Taffounnout Kame to second
|
|
Batting: RHB Leo Gutierrez
|
0-0: Ball 1-0: Called Strike 1-1: Ball 2-1: Fly out, F3 (Popup, 3SF, EV 70.0 MPH)
|
|
Batting: RHB Hun-hyeon Kym
|
0-0: Fielders Choice at 2nd, U4 (Groundball, 4M, EV 84.4 MPH)
|
| Top of the 6th over - 0 runs, 3 hits, 0 errors, 3 left on base; Hagerstown 8 - Wisconsin 1 |
| BOTTOM OF THE 6TH |
|
Wisconsin Timber Rattlers batting - Pitching for Hagerstown Suns : RHP Jayden Taylor
|
|
Batting: RHB Jose Cerritos
|
0-0: Called Strike 0-1: Foul Ball, location: 2F 0-2: Ground out 3-1 (Groundball, 13, EV 78.8 MPH)
|
|
Batting: RHB Xiao-shuang Au
|
0-0: Called Strike 0-1: Ball 1-1: Foul Ball, location: 2F 1-2: Foul Ball, location: 2F 1-2: SINGLE (Groundball, 6S, EV 63.8 MPH) (infield hit)
|
|
Batting: LHB Karel Hort
|
0-0: Ball Xiao-shuang Au is caught stealing 2nd base 2-6 1-0: Fly out, F8 (Flyball, 8RD, EV 94.4 MPH)
|
| Bottom of the 6th over - 0 runs, 1 hit, 0 errors, 0 left on base; Hagerstown 8 - Wisconsin 1 |
| TOP OF THE 7TH |
|
Hagerstown Suns batting - Pitching for Wisconsin Timber Rattlers : RHP Corey Pierce
|
|
Batting: SHB Fernando Fundora
|
0-0: Called Strike 0-1: Called Strike 0-2: Strikes out looking
|
|
Batting: RHB Jelexiz Cuenca
|
0-0: DOUBLE (Line Drive, 9LM, EV 95.0 MPH)
|
|
Pinch Hitting: RHB Steve Kunselman
|
0-0: Foul Ball, location: 2F 0-1: Called Strike 0-2: Strikes out swinging, 2-3 out at first.
|
|
Batting: RHB Jason Ewert
|
0-0: Called Strike 0-1: Called Strike 0-2: Foul Ball, location: 2F 0-2: Ball 1-2: Strikes out swinging
|
| Top of the 7th over - 0 runs, 1 hit, 0 errors, 1 left on base; Hagerstown 8 - Wisconsin 1 |
| BOTTOM OF THE 7TH |
|
Wisconsin Timber Rattlers batting - Pitching for Hagerstown Suns : RHP Jayden Taylor
|
|
Now in LF: Steve Kunselman
|
|
|
Now in RF: Rudolph Lentz
|
|
|
Batting: LHB Fumito Sakurai
|
0-0: Called Strike 0-1: Foul Ball, location: 2F 0-2: Ball 1-2: SINGLE (Line Drive, 7S, EV 107.5 MPH)
|
|
Batting: RHB Ryan Miller
|
0-0: Called Strike Fumito Sakurai steals 2nd base (no throw) 0-1: Foul Ball, location: 2F 0-2: Strikes out looking
|
|
Batting: LHB John Fortin
|
0-0: Ball 1-0: Called Strike 1-1: Ball 2-1: Foul Ball, location: 2F 2-2: Foul Ball, location: 2F 2-2: Ball 3-2: Ground out 6-3 (Groundball, 6, EV 103.1 MPH)
|
|
Pitching: RHP Joe Adelmann
|
|
|
Batting: RHB Tony Beaumond
|
0-0: Ball 1-0: Foul Ball, location: 2F 1-1: Ball 2-1: Swinging Strike 2-2: Ball 3-2: Base on Balls
|
|
Batting: RHB Dan Allred
|
0-0: Ball 1-0: Foul Ball, location: 2F 1-1: Called Strike 1-2: Strikes out swinging
|
| Bottom of the 7th over - 0 runs, 1 hit, 0 errors, 2 left on base; Hagerstown 8 - Wisconsin 1 |
| TOP OF THE 8TH |
|
Hagerstown Suns batting - Pitching for Wisconsin Timber Rattlers : RHP Corey Pierce
|
|
Batting: RHB Taffounnout Kame
|
0-0: Called Strike 0-1: Called Strike 0-2: Ball 1-2: Ball 2-2: Ball 3-2: Foul Ball, location: 2F 3-2: Foul Ball, location: 2F 3-2: Foul Ball, location: 2F 3-2: Strikes out swinging
|
|
Batting: RHB Rudolph Lentz
|
0-0: Called Strike 0-1: Ball 1-1: Swinging Strike 1-2: Strikes out looking
|
|
Batting: RHB Xavier Reeves
|
0-0: Ground out 6-3 (Groundball, 6, EV 85.0 MPH)
|
| Top of the 8th over - 0 runs, 0 hits, 0 errors, 0 left on base; Hagerstown 8 - Wisconsin 1 |
| BOTTOM OF THE 8TH |
|
Wisconsin Timber Rattlers batting - Pitching for Hagerstown Suns : RHP Joe Adelmann
|
|
Batting: RHB Chris Fruit
|
0-0: Foul Ball, location: 2F 0-1: Swinging Strike 0-2: Ball 1-2: Foul Ball, location: 2F 1-2: Ball 2-2: Ball 3-2: Strikes out swinging
|
|
Batting: RHB Jose Cerritos
|
0-0: Ground out 6-3 (Groundball, 6, EV 100.0 MPH)
|
|
Batting: RHB Xiao-shuang Au
|
0-0: Called Strike 0-1: Ball 1-1: Fly out, F9 (Flyball, 89M, EV 85.0 MPH)
|
| Bottom of the 8th over - 0 runs, 0 hits, 0 errors, 0 left on base; Hagerstown 8 - Wisconsin 1 |
| TOP OF THE 9TH |
|
Hagerstown Suns batting - Pitching for Wisconsin Timber Rattlers : RHP Corey Pierce
|
|
Batting: RHB Leo Gutierrez
|
0-0: Ball 1-0: Ground out 4-3 (Groundball, 4M, EV 90.0 MPH)
|
|
Batting: RHB Hun-hyeon Kym
|
0-0: Called Strike 0-1: Ball 1-1: Foul Ball, location: 2F 1-2: Fly out, F9 (Flyball, 9, EV 83.8 MPH)
|
|
Batting: SHB Fernando Fundora
|
0-0: Ball 1-0: Ball 2-0: Ball 3-0: Called Strike 3-1: Base on Balls
|
|
Batting: RHB Jelexiz Cuenca
|
0-0: Foul Ball, location: 2F 0-1: Called Strike 0-2: Hit by Pitch Fernando Fundora to second
|
|
Batting: RHB Steve Kunselman
|
0-0: Fly out, F9 (Line Drive, 89M, EV 91.9 MPH)
|
| Top of the 9th over - 0 runs, 0 hits, 0 errors, 2 left on base; Hagerstown 8 - Wisconsin 1 |
| BOTTOM OF THE 9TH |
|
Wisconsin Timber Rattlers batting - Pitching for Hagerstown Suns : RHP Joe Adelmann
|
|
Batting: LHB Karel Hort
|
0-0: Ball 1-0: Foul Ball, location: 2F 1-1: Swinging Strike 1-2: Strikes out swinging
|
|
Batting: LHB Fumito Sakurai
|
0-0: Ball 1-0: Ball 2-0: Ball 3-0: Called Strike 3-1: Base on Balls
|
|
Pitching: RHP Jordan Amaker
|
|
|
Batting: RHB Ryan Miller
|
0-0: Called Strike 0-1: Foul Ball, location: 2F 0-2: Ball 1-2: Ground out 4-3 (Groundball, 4S, EV 65.6 MPH) Fumito Sakurai to second
|
|
Batting: LHB John Fortin
|
0-0: Called Strike 0-1: Swinging Strike 0-2: Strikes out swinging
|
| Bottom of the 9th over - 0 runs, 0 hits, 0 errors, 1 left on base; Hagerstown 8 - Wisconsin 1 |
|